Map: [ESL] Royal Blood

Players

Scarlett

  • Race: Zerg Zerg
  • Spawn Location: 1:00

Future - Winner!

  • Race: Terran Terran
  • Spawn Location: 7:00

Event: ESL SC2 Masters 2023 Summer (Regionals)

VOD

Have the link to the VOD?

Description

Time

  • Played on: May 19, 2023, 2:32 p.m.
  • Length: 13:30

All games in this series

Show
View Real Time Build Order
Export as new Build Order

Scarlett Zerg 

Build Orders: Hatch First 

Get SALT Encoding   

  12  0:00  Drone  
  13  0:12  Overlord  
  13  0:17  Drone  
  14  0:30  Drone x2  
  16  0:46  Hatchery  
  15  0:51  Drone  
  15  0:54  Drone  
  17  0:57  Drone  
  18  1:09  Extractor  
  17  1:13  Spawning Pool  
  17  1:15  Drone  
  17  1:19  Drone  
  18  1:28  Drone  
  19  1:38  Drone  
  20  1:50  Drone  
  21  1:59  Queen x2  
  21  2:01  Zergling x4  
  27  2:10  Zergling x2  
  27  2:12  Overlord  
  28  2:20  Hatchery  
  27  2:28  Drone, Metabolic Boost  
  28  2:36  Drone x2  
  30  2:44  Queen  
  30  2:45  Drone  
  30  2:50  Overlord  
  33  2:53  Drone  
  33  2:56  Drone  
  35  3:00  Drone  
  36  3:10  Drone x5  
  41  3:13  Overlord  
  41  3:19  Queen  
  41  3:24  Drone  
  44  3:31  Queen  
  46  3:38  Drone x4  
  50  3:46  Drone x6  
  56  3:53  Overlord x2  
  56  4:00  Zergling x6  
  57  4:03  Evolution Chamber  
  57  4:04  Extractor  
  57  4:05  Overlord  
  57  4:06  Zergling x2  
  57  4:13  Overlord  
  58  4:18  Queen  
  58  4:19  Drone x3  
  65  4:25  Queen  
  65  4:33  Drone x4, Roach Warren  
  68  4:41  Drone x7  
  68  4:42  Lair  
  68  4:44  Zergling x4  
  77  4:51  Extractor  
  76  4:54  Extractor  
  76  4:56  Drone x5  
  80  5:00  Queen  
  80  5:03  Queen  
  80  5:06  Extractor  
  83  5:07  Overlord x2  
  83  5:17  Roach x3  
  83  5:20  Hatchery  
  88  5:23  Overlord x2  
  88  5:27  Roach x4  
  96  5:30  Roach x2  
  100  5:36  Evolution Chamber, Extractor  
  100  5:37  Evolution Chamber  
  100  5:38  Extractor  
  100  5:39  Drone x5  
  100  5:42  Glial Reconstitution  
  101  5:50  Drone x5  
  101  5:55  Overlord x2  
  106  5:59  Drone x4  
  108  6:06  Roach x2  
  108  6:09  Roach  
  112  6:12  Zerg Missile Weapons Level 1, Zerg Ground Armor Level 1  
  109  6:19  Drone x2  
  109  6:20  Roach x4  
  109  6:23  Burrow  
  119  6:27  Overlord  
  119  6:31  Overlord  
  119  6:38  Roach x4  
  125  6:44  Roach x2  
  127  6:48  Roach x4  
  127  6:53  Roach x6  
  139  6:57  Roach  
  139  6:58  Roach  
  137  7:01  Roach x3  
  137  7:07  Roach x2  
  139  7:20  Roach x9  
  139  7:22  Ravager x3  
  140  7:23  Drone x3  
  143  7:30  Overlord x3  
  143  7:41  Overlord  
  143  7:51  Drone x10  
  152  7:55  Infestation Pit  
  152  7:58  Ravager  
  146  8:00  Tunneling Claws  
  146  8:03  Extractor  
  146  8:04  Extractor  
  144  8:06  Queen  
  144  8:07  Roach x4  
  154  8:16  Overlord x2  
  154  8:17  Overlord x2  
  154  8:19  Zerg Missile Weapons Level 2  
  154  8:26  Drone x4  
  158  8:28  Queen  
  158  8:32  Ravager x3, Spine Crawler  
  158  8:33  Roach, Hatchery  
  163  8:36  Roach x3  
  163  8:41  Roach  
  171  8:50  Roach x12  
  195  8:56  Hive  
  195  8:57  Pathogen Glands  
  195  8:58  Ravager x3  
  198  9:05  Baneling Nest  
  195  9:13  Overlord x2  
  195  9:25  Roach x16  
  195  9:26  Overlord  
  195  9:27  Overlord  
  156  9:56  Infestor  
  156  9:57  Infestor x3  
  156  9:58  Centrifugal Hooks  
  142  10:00  Drone x17  
  142  10:02  Roach x2  
  142  10:04  Zergling x8  
  142  10:05  Zerg Melee Weapons Level 1  
  167  10:07  Ravager x7  
  174  10:15  Zergling x16  
  174  10:16  Spine Crawler  
  174  10:17  Spine Crawler  
  178  10:23  Zergling x10  
  178  10:26  Hatchery  
  182  10:29  Drone x3, Spine Crawler  
  182  10:30  Spine Crawler  
  182  10:31  Spine Crawler  
  180  10:45  Zergling x24  
  180  10:46  Hatchery  
  182  11:03  Zergling x20  
  176  11:14  Zergling x2  
  176  11:15  Zergling x22  
  176  11:16  Baneling x22  
  176  11:17  Ravager x2  
  182  11:18  Zergling x2  
  182  11:27  Zergling x8  
  182  11:29  Hatchery  
  182  11:30  Hatchery  
  184  11:33  Zergling x6  
  184  11:34  Adrenal Glands  
  187  11:40  Zergling x18  
  187  11:46  Zergling x8  
  196  11:53  Baneling x6  
  196  11:54  Baneling x7  
  196  11:55  Zergling x6  
  185  12:02  Zergling x10  
  185  12:07  Zergling x16  
  175  12:12  Baneling  
  175  12:13  Baneling x2, Zergling x8  
  175  12:15  Zergling x2  
  179  12:19  Zergling x2  
  179  12:20  Baneling x9  
  179  12:22  Roach x3  
  186  12:26  Zergling x4  
  161  12:31  Viper  
  161  12:32  Baneling, Zergling x2  
  161  12:33  Baneling x11  
  161  12:34  Roach x6  
  154  12:40  Roach  
  154  12:41  Roach x7  
  154  12:43  Zergling x4  
  165  12:45  Roach  
  165  12:46  Ravager x3  
  165  12:48  Zergling x4  
  165  12:50  Zergling x4  
  174  12:53  Zergling x2  
  174  12:56  Zergling x8  
  178  12:59  Zergling x4  
  178  13:04  Zergling x2  
  178  13:05  Zergling x4  
  178  13:06  Ravager x13  
  178  13:07  Zergling x2  
  178  13:08  Zergling x2  
  178  13:09  Zergling x8  
  178  13:11  Zergling x2  
Show
View Real Time Build Order
Export as new Build Order

Future Terran - Winner!

Build Orders: 2 Factory, Reaper Expand, Mech 

Get SALT Encoding   

  12  0:00  SCV  
  13  0:12  SCV  
  14  0:17  Supply Depot  
  14  0:24  SCV  
  15  0:39  SCV  
  15  0:40  Barracks  
  16  0:44  Refinery  
  16  0:51  SCV  
  17  1:03  SCV  
  18  1:15  SCV  
  19  1:28  Reaper, Orbital Command  
  20  1:38  Command Center  
  20  1:48  Supply Depot  
  20  1:53  SCV  
  21  1:59  Marine  
  22  2:05  SCV  
  22  2:07  Factory  
  23  2:17  SCV  
  24  2:23  Barracks Reactor  
  25  2:30  SCV  
  25  2:35  Command Center  
  25  2:42  SCV  
  26  2:51  Orbital Command  
  26  2:54  SCV  
  27  3:06  SCV, Refinery  
  27  3:08  Factory  
  27  3:11  Hellion x2  
  32  3:13  Marine  
  32  3:18  SCV  
  32  3:19  SCV  
  35  3:30  SCV  
  35  3:31  SCV  
  35  3:32  Hellion x2  
  41  3:42  SCV  
  41  3:43  SCV, Factory  
  43  3:48  Refinery  
  43  3:52  Orbital Command  
  43  3:54  SCV  
  43  3:55  SCV, Factory Tech Lab  
  45  3:59  Hellion  
  45  4:01  Hellion  
  49  4:07  SCV x2  
  51  4:15  Orbital Command  
  51  4:18  Supply Depot  
  51  4:19  SCV x2  
  51  4:20  Cyclone  
  51  4:21  Mag-Field Accelerator  
  56  4:26  Hellion  
  56  4:27  Hellion  
  56  4:29  Factory Tech Lab  
  60  4:31  SCV  
  61  4:39  Supply Depot  
  61  4:40  SCV x2  
  61  4:42  Refinery  
  61  4:43  SCV  
  61  4:45  Supply Depot  
  64  4:49  Cyclone  
  64  4:52  SCV x2  
  69  4:59  Infernal Pre-Igniter  
  69  5:01  SCV, Cyclone  
  69  5:03  Supply Depot  
  69  5:04  SCV x2  
  75  5:11  Hellion x2  
  75  5:13  SCV  
  80  5:16  SCV x2  
  82  5:25  SCV, Barracks Reactor  
  82  5:26  Factory  
  82  5:27  Factory  
  83  5:28  SCV x2  
  83  5:32  Supply Depot x2  
  85  5:37  SCV  
  85  5:39  Cyclone  
  85  5:40  SCV  
  85  5:41  SCV  
  91  5:45  Hellion  
  93  5:53  SCV, Cyclone  
  93  5:54  Hellion  
  93  5:56  SCV  
  100  6:01  SCV  
  101  6:05  SCV  
  101  6:08  Hellion  
  101  6:09  SCV  
  103  6:12  Factory Tech Lab  
  103  6:15  SCV  
  103  6:17  Command Center, Refinery  
  103  6:18  SCV, Refinery  
  105  6:21  Supply Depot  
  105  6:22  Siege Tank  
  108  6:28  Supply Depot  
  108  6:29  Siege Tank  
  108  6:32  Cyclone  
  113  6:37  Hellion x2  
  113  6:38  Hellion  
  117  6:43  SCV x2, Hellion  
  117  6:45  SCV  
  122  6:54  Armory x2  
  114  6:58  Cyclone  
  114  7:01  Supply Depot  
  113  7:05  Hellion x3  
  107  7:18  Cyclone  
  107  7:19  Cyclone  
  107  7:21  SCV  
  107  7:22  SCV x2  
  107  7:29  Hellion  
  113  7:30  Hellion x3  
  113  7:35  SCV x2  
  117  7:41  SCV  
  117  7:43  Siege Tank  
  121  7:47  SCV  
  121  7:50  SCV  
  123  7:54  Siege Tank  
  123  7:55  SCV  
  123  7:57  Terran Vehicle Weapons Level 1  
  123  7:58  Terran Vehicle And Ship Armor Level 1  
  125  8:00  SCV  
  125  8:02  SCV  
  125  8:05  Engineering Bay  
  127  8:08  SCV  
  128  8:13  SCV  
  128  8:16  Siege Tank  
  128  8:17  Siege Tank  
  135  8:23  SCV x2  
  142  8:29  SCV, Siege Tank  
  142  8:32  Planetary Fortress  
  141  8:35  SCV x2  
  141  8:37  Sensor Tower  
  141  8:38  Missile Turret x2  
  143  8:41  SCV  
  143  8:47  SCV  
  145  8:49  SCV, Missile Turret  
  145  8:51  Siege Tank  
  149  9:00  SCV x2  
  149  9:02  Siege Tank  
  154  9:04  Barracks  
  154  9:11  SCV, Siege Tank  
  154  9:14  Hellion  
  156  9:19  Supply Depot x3  
  156  9:20  Supply Depot  
  156  9:23  Siege Tank, Hellion x2  
  163  9:25  SCV  
  163  9:27  Refinery  
  163  9:28  Refinery  
  164  9:37  Sensor Tower  
  164  9:40  SCV x3, Siege Tank  
  164  9:41  Hellion  
  164  9:45  Refinery  
  166  9:48  Siege Tank  
  162  9:55  Siege Tank  
  162  9:57  Hellion  
  162  9:58  Hellion  
  165  10:05  Missile Turret  
  165  10:07  Terran Vehicle Weapons Level 2  
  165  10:08  Terran Vehicle And Ship Armor Level 2, Factory  
  165  10:09  Factory  
  165  10:12  Factory  
  165  10:13  Siege Tank  
  168  10:19  Hellion x2  
  172  10:25  Siege Tank  
  175  10:30  Hellion  
  175  10:33  Hellion  
  175  10:34  Siege Tank, Command Center  
  182  10:37  Command Center  
  182  10:45  Hellion x2  
  184  10:58  Supply Depot  
  184  10:59  Supply Depot  
  184  11:02  Supply Depot  
  175  11:12  Siege Tank  
  175  11:13  Siege Tank  
  175  11:14  Cyclone  
  175  11:15  Factory Tech Lab  
  175  11:16  Factory Tech Lab  
  175  11:17  Factory Reactor  
  172  11:20  Hellion x4  
  180  11:36  Cyclone x2  
  186  11:43  Hellion  
  186  11:44  Hellion, Cyclone  
  186  11:45  Cyclone  
  193  11:48  Orbital Command  
  193  11:51  Command Center  
  187  12:02  Siege Tank, Orbital Command  
  187  12:08  Siege Tank  
  178  12:12  Siege Tank  
  178  12:14  Hellion x3  
  187  12:16  Siege Tank  
  187  12:17  SCV x2  
  187  12:18  SCV  
  155  12:33  Cyclone  
  155  12:34  Cyclone  
  155  12:35  Hellion x2  
  158  12:39  Hellion x3  
  158  12:40  Hellion, Cyclone  
  155  12:44  Cyclone  
  155  12:46  SCV x2  
  155  12:47  SCV x2  
  155  12:48  Cyclone  
  165  12:56  Hellion  
  165  12:57  Hellion  
  165  12:58  SCV  
  170  13:00  SCV x2  
  170  13:01  Hellion  
  170  13:03  SCV  
Tags
 
Add a new tag
Caveats
  • Supply blocks, unpowered buildings, or Contaminate may cause inaccurate times.
  • Supply counts are checked every 10 seconds.